 Dungeon Crawl Stone Soup version 0.30.1-9-gdf580d7c3d (webtiles) character file.

Game seed: 10030221448792824113

99 Ekaitz the Gusty (level 4, -3/25 HPs)
             Began as a Tengu Air Elementalist on Oct 13, 2023.
             Slain by Grinder (5 damage)
             ... on level 4 of the Dungeon.
             The game lasted 00:04:25 (3339 turns).

Ekaitz the Gusty (Tengu Air Elementalist)           Turns: 3339, Time: 00:04:26

Health: -3/25      AC:  3    Str:  8    XL:     4   Next: 72%
Magic:  5/9        EV: 12    Int: 18    God:
Gold:   143        SH:  0    Dex: 14    Spells: 2/8 levels left

rFire   . . .        d - +0 mace
rCold   . . .        (no shield)
rNeg    . . .        a - +0 robe
rPois   .            p - +1 hat
rElec   .            (no cloak)
rCorr   .            (no gloves)
SInv    .            (boots unavailable)
Will    .....        (no amulet)
Stlth   ++           (no ring)
HPRegen 0.24/turn    (no ring)
MPRegen 0.11/turn

%: no passive effects
@: no status effects
A: beak, talons 3
a: no special abilities


You were on level 4 of the Dungeon.
You visited 1 branch of the dungeon, and saw 5 of its levels.

You collected 143 gold pieces.

Inventory:

Hand Weapons
 d - a +0 mace (weapon)
Armour
 a - a +0 robe (worn)
 h - a +0 kite shield
 p - a +1 hat (worn)
Wands
 m - a wand of roots (7)
Scrolls
 c - 9 scrolls of identify {unknown}
 j - a scroll of fog {unknown}
 k - a scroll of immolation {unknown}
 l - a scroll of noise {unknown}
 o - a scroll of amnesia {unknown}
 q - a scroll of blinking {unknown}
 s - a scroll of teleportation {unknown}
Potions
 b - 2 potions of magic
 e - a potion of brilliance {unknown}
 f - a potion of heal wounds {unknown}
 g - a potion of haste {unknown}
 i - 3 potions of curing {unknown}
 n - a potion of mutation {unknown}
 r - a potion of invisibility {unknown}
 t - a potion of flight {unknown}


   Skills:
 * Level 1.0 Fighting
 * Level 2.5 Dodging
 + Level 2.0 Stealth
 + Level 2.7 Spellcasting
 * Level 2.5 Conjurations
 * Level 5.4 Air Magic


You had 2 spell levels left.
You knew the following spells:

 Your Spells              Type           Power      Damage    Failure   Level
a - Shock                 Conj/Air       64%        1d7       3%          1
b - Static Discharge      Conj/Air       32%        2-4/arc   4%          2
c - Swiftness             Air            22%        N/A       5%          3

Your spell library contained the following spells:

 Spells                   Type           Power      Damage    Failure   Level
 Airstrike                Air            11%        2d(2-18)  19%         4


Dungeon Overview and Level Annotations

Branches:
Dungeon (5/15)
 Temple: D:4-7

Altars:
Ashenzari

Annotations:
D:4 Grinder


Innate Abilities, Weirdness & Mutations

You have a beak for a mouth.
You have claws for feet.


Message History

Grinder is nearby!
Okay, then.
Grinder shouts!
Grinder misses you.
A kobold comes into view. It is wielding a +0 dagger.
The kobold shouts!
You hit Grinder. You claw Grinder. Your peck misses Grinder.
Grinder is moderately wounded.
You hear an angry hiss.
Grinder hits you.
You writhe in agony.
Grinder hits you.
You writhe in agony.
A scorpion comes into view.
An adder comes into view.
Grinder attacks as you move away! Grinder barely misses you.
There is a stone staircase leading up here.
Casting: Shock (safe; 3% risk of failure)
Confirm with . or Enter, or press ? or * to list all spells.
Grinder is struck by an arc of lightning.
Grinder is moderately wounded.
You are struck by an arc of lightning.
The lightning grounds out.
The adder hisses angrily.
Grinder hits you but does no damage.
Unknown command.
You hit Grinder.
Grinder is heavily wounded.
Grinder barely misses you.
Unknown command.
Casting: Static Discharge (safe; 4% risk of failure)
Confirm with . or Enter, or press ? or * to list all spells.
The kobold is struck by an arc of lightning.
You kill the kobold!
You are struck by an arc of lightning.
* * * LOW HITPOINT WARNING * * *
The lightning grounds out.
Grinder is struck by an arc of lightning.
Grinder is heavily wounded.
You are struck by an arc of lightning.
* * * LOW HITPOINT WARNING * * *
The lightning grounds out.
Grinder hits you.
* * * LOW HITPOINT WARNING * * *
Grinder hits you.
You die...

...............
...............
......#......
.....#...... .
#.......... ...
#.........
##..##.........
.......5##.....
..#...)@# ...
#..S.........
.......s.......
....##.#.......
.... .. .......
... ... ....###
.. .## #.... ..
....#


You could see Grinder, a scorpion and an adder.

Vanquished Creatures
  A hound (D:4)
  An adder (D:3)
  A worm (D:3)
  2 dart slugs (D:1)
  An orc (D:4)
  4 bats
  3 endoplasms
  4 giant cockroaches
  10 goblins
  4 hobgoblins
  8 kobolds
  2 quokkas
  A ball python (D:1)
  2 frilled lizards (D:1)
  4 rats
48 creatures vanquished.

Notes
Turn   | Place    | Note
-------+----------+-------------------------------------------
     0 | D:1      | Ekaitz the Tengu Air Elementalist began the quest for the
                  | Orb.
     0 | D:1      | Reached XP level 1. HP: 10/10 MP: 4/4
   233 | D:1      | Reached XP level 2. HP: 10/15 MP: 1/6
   236 | D:1      | Learned a level 2 spell: Static Discharge
  1034 | D:1      | Reached XP level 3. HP: 20/20 MP: 5/7
  1038 | D:1      | Learned a level 3 spell: Swiftness
  2295 | D:3      | Found a broken altar of Ashenzari.
  2371 | D:3      | Reached skill level 5 in Air Magic
  2584 | D:3      | You fall into a shaft and drop 2 floors!
  2584 | D:5      | Entered Level 5 of the Dungeon
  2698 | D:4      | Reached XP level 4. HP: 16/24 MP: 0/9
  3011 | D:3      | Reached skill level 1 in Fighting
  3330 | D:4      | Noticed Grinder
  3334 | D:4      | Noticed a scorpion
  3339 | D:4      | Slain by Grinder

Illustrated notes

Levels and vault maps discovered:
D:1:      saegor_arrival_simple_c, layout_basic, minmay_misc_feat_roman,
          nrook_mini_vaults
D:2:      layout_basic
D:3:      layout_loops_ring, ashenzari_altar_1, minmay_diced_spiral
D:4:      layout_cave_pools, nicolae_tso_besieged_by_evil,
          grunt_gozag_breadcrumbs, nicolae_ru_sacrificial_ziggurat, uniq_grinder
D:5:      layout_rooms, minmay_curled_crystal

Skill      XL: |  1  2  3  4 |
---------------+-------------+-----
Conjurations   | 2 |  2.5
Air Magic      | 5 |  5.4
Fighting       | 1 |  1.0
Dodging        | |  2.5
Stealth        | |  2.0
Spellcasting   | |  2.7

Action                     |  1- 3 |  4- 6 || total
---------------------------+-------+-------++-------
  Melee: Mace              |     6 |     2 ||     8
         Kick              |     2 |     1 ||     3
         Peck              |     1 |       ||     1
   Cast: Shock             |    87 |    17 ||   104
         Static Discharge  |     2 |     2 ||     4
 Armour: Robe              |     1 |     1 ||     2
  Dodge: Dodged            |    10 |     3 ||    13
